 Dungeon Crawl Stone Soup version 0.27-a0-1177-g245c70e1c0 (webtiles) character file.

Game seed: 3117806790976253155

35 Gargoyl the Skirmisher (level 3, 0/35 HPs)
             Began as a Gnoll Abyssal Knight on May 16, 2021.
             Was a Follower of Lugonu.
             Slain by a gnoll
             ... wielding a +3 halberd
              (8 damage)
             ... on level 4 of the Dungeon.
             The game lasted 00:01:48 (1257 turns).

Gargoyl the Skirmisher (Gnoll Abyssal Knight)       Turns: 1257, Time: 00:01:49

Health: 0/35       AC: 11    Str: 12    XL:     3   Next: 35%
Magic:  6/6        EV:  8    Int: 11    God:    Lugonu [*.....]
Gold:   29         SH: 10    Dex: 11    Spells: 3/3 levels left

rFire    . . .     SeeInvis +   a - +1 hand axe
rCold    + . .     Faith    .   f - +0 tower shield
rNeg     . . .     Spirit   .   e - +0 scale mail
rPois    .         Reflect  .   (no helmet)
rElec    .         Harm     .   b - +3 cloak "Janaolodirgh" {Drain Fly rC+ SInv}
rCorr    .         Rampage  .   (no gloves)
Will     .....                  (no boots)
Stlth    ..........             (no amulet)
HPRegen  0.11/turn              c - +4 ring of evasion
MPRegen  0.10/turn              (no ring)

@: flying
A: fangs 1, strong nose, distributed training
a: Renounce Religion, Depart the Abyss


You were on level 4 of the Dungeon.
You worshipped Lugonu.
Lugonu was aware of your devotion.
You visited 1 branch of the dungeon, and saw 3 of its levels.
You visited the Abyss 1 time.

You collected 29 gold pieces.

Inventory:

Hand Weapons
 a - a +1 hand axe (weapon)
Armour
 b - the +3 cloak "Janaolodirgh" (worn) {Drain Fly rC+ SInv}
   (You acquired it on level 2 of the Dungeon)

   It protects you from cold.
   It lets you see invisible.
   It grants you flight.
   It drains your maximum health when unequipped.
 e - a +0 scale mail (worn)
 f - a +0 tower shield (worn)
Jewellery
 c - a +4 ring of evasion (left hand)
Potions
 d - 3 potions of curing {unknown}
 g - a potion of mutation {unknown}


   Skills:
 + Level 6.5 Fighting
 + Level 0.7 Short Blades
 + Level 0.7 Long Blades
 + Level 4.5 Axes
 + Level 0.7 Maces & Flails
 + Level 0.7 Polearms
 + Level 0.7 Staves
 + Level 0.7 Slings
 + Level 0.7 Bows
 + Level 0.7 Crossbows
 + Level 0.7 Throwing
 + Level 4.5 Armour
 + Level 2.6 Dodging
 + Level 0.7 Stealth
 + Level 0.7 Shields
 + Level 0.7 Unarmed Combat
 + Level 0.7 Spellcasting
 + Level 0.5 Conjurations
 + Level 0.5 Hexes
 + Level 0.5 Summonings
 + Level 0.5 Necromancy
 + Level 0.5 Translocations
 + Level 0.5 Transmutations
 + Level 0.5 Fire Magic
 + Level 0.5 Ice Magic
 + Level 0.5 Air Magic
 + Level 0.5 Earth Magic
 + Level 0.5 Poison Magic
 + Level 4.5 Invocations
 + Level 0.7 Evocations


You had 3 spell levels left.
You didn't know any spells.
Your spell library was empty.

Dungeon Overview and Level Annotations

Branches:
Dungeon (2/15)

Altars:

Annotations:
D:4 Eustachio


Innate Abilities, Weirdness & Mutations

You have very sharp teeth.
Your uncanny sense of smell can sniff out nearby items.
Your experience applies equally to all skills.


Message History

The gnoll shouts!
An adder comes into view.
A gnoll comes into view. It is wielding a +0 halberd.
The gnoll shouts!
The adder hisses angrily.
You hear a shout!
A gnoll comes into view. It is wielding a +3 halberd.
You block the gnoll's attack.
Found a stone staircase leading up.
Okay, then.
You hit the gnoll. Your bite misses the gnoll.
The gnoll is lightly wounded.
You hit the goblin.
You kill the goblin!
Lugonu accepts your kill. The gnoll hits you but does no damage.
You block the gnoll's attack.
A goblin comes into view. It is wielding a +0 dagger.
You hit the gnoll. Your bite misses the gnoll.
The gnoll is heavily wounded.
You block the gnoll's attack. x2
The gnoll hits you from afar with a +3 halberd.
The gnoll closely misses you.
The gnoll hits you from afar with a +0 halberd!
The gnoll barely misses you.
You barely miss the gnoll.
The gnoll is heavily wounded.
The gnoll hits you but does no damage.
The gnoll hits you from afar with a +0 halberd.
The gnoll closely misses you.
Unknown command.
You slash the gnoll!
You kill the gnoll!
Lugonu accepts your kill. The gnoll barely misses you.
The gnoll hits you from afar with a +3 halberd!
* * * LOW HITPOINT WARNING * * *
The adder bites you but does no damage.
Eustachio casts a spell.
The gnoll hits you from afar with a +0 halberd.
* * * LOW HITPOINT WARNING * * *
The gnoll hits you from afar with a +3 halberd!
You die... .. # .## .# ..####.# #...... ....< g.g

#S#
#@#
#)#
#.#
#w#
###@#
#.r5#
#.###
#.#
#.#


You could see Eustachio, a worm, 2 gnolls, a crimson imp (summoned), an adder
and a rat (summoned).

Vanquished Creatures
  A gnoll (D:4)
  A worm (D:2)
  A dart slug (D:2)
  2 ball pythons (D:1)
  2 giant cockroaches (D:1)
  4 goblins
  5 hobgoblins
  3 kobolds (D:1)
  4 quokkas (D:1)
  2 bats
  A frilled lizard (D:1)
26 creatures vanquished.

Notes
Turn   | Place    | Note
-------+----------+-------------------------------------------
     0 | Abyss:1  | Gargoyl the Gnoll Abyssal Knight began the quest for the
                  | Orb.
     0 | Abyss:1  | Reached XP level 1. HP: 23/23 MP: 3/3
    73 | Abyss:1  | Noticed a starcursed mass
    74 | D:1      | Escaped the Abyss
   140 | D:1      | Reached XP level 2. HP: 18/29 MP: 5/5
   156 | D:1      | Reached * piety under Lugonu
   832 | D:1      | Reached XP level 3. HP: 35/35 MP: 6/6
   968 | D:2      | Identified a scroll of acquirement
   968 | D:2      | Acquired the +3 cloak "Janaolodirgh" {Drain Fly rC+ SInv}
  1232 | D:2      | You are sucked into a shaft and drop 2 floors!
  1233 | D:4      | Noticed Eustachio
  1233 | D:4      | Noticed a phantom
  1257 | D:4      | Slain by a gnoll

Illustrated notes

Levels and vault maps discovered:
D:1:      nicolae_arrival_memento_mori, layout_basic, serial_bayou_pond_e
D:2:      layout_loops_cross
D:4:      layout_rooms, uniq_grinder, uniq_eustachio, uniq_edmund

Action                   || total
-------------------------++-------
Melee: Hand axe          ||    80
       Bite              ||     6
Invok: Depart the Abyss  ||     1
  Use: Scroll            ||     2
Armor: Leather armour    ||     6
       Scale mail        ||    18
Dodge: Dodged            ||    76
Block: Tower shield      ||    11

Table legend: (Time is in decaauts)
 A = Elapsed time spent in this place.
 B = Non-inter-level travel time spent in this place.
 C = Inter-level travel time spent in this place.
 D = Time resting spent in this place.
 E = Time spent auto-exploring this place.
 F = Levels seen in this place.
 G = Mean time per level.
                   A        B        C        D        E       F      G
               +--------+--------+--------+--------+--------+-----+--------+
         Total |   1266 |   1248 |     18 |      0 |   1001 |   4 |  316.5 |
       Dungeon |   1192 |   1174 |     18 |      0 |    930 |   3 |  397.3 |
         Abyss |     73 |     73 |      0 |      0 |     71 |   1 |   73.0 |
               +--------+--------+--------+--------+--------+-----+--------+

Top non-repeatable levels by time:
     D:1: 896 daAuts
     D:2: 267 daAuts
 Abyss:1: 73 daAuts
     D:4: 28 daAuts
